 Dungeon Crawl Stone Soup version 0.29.1-12-g30fa7ad0bf (webtiles) character file.

Game seed: 6229209308540717734

987 devnull the Purveyor of Pain (level 7, -4/45 (46) HPs)
             Began as a Demonspawn Necromancer on Jan 15, 2023.
             Was an Initiate of Kikubaaqudgha.
             Slain by a kobold brigand
             ... wielding a +1 whip of electrocution
              (20 damage)
             ... on level 7 of the Dungeon.
             The game lasted 00:25:56 (9644 turns).

devnull the Purveyor of Pain (DsNe)                 Turns: 9644, Time: 00:25:57

HP:   -4/45 (46)    AC: 17    Str:  8    XL:     7   Next: 97%
MP:   7/10          EV:  9    Int: 19    God:    Kikubaaqudgha [......]
Gold: 1586          SH:  6    Dex: 19    Spells: 2/10 levels left

rFire   + . .      SeeInvis .   b - +0 short sword (vamp)
rCold   . . .      Faith    .   O - +0 buckler
rNeg    . . .      Spirit   .   u - +2 scale mail {rF+}
rPois   .          Reflect  .   k - +0 helmet
rElec   .          Harm     .   B - +2 cloak {Will+}
rCorr   .          Rampage  .   (no gloves)
Will    +....                   N - +2 pair of boots
Stlth   +.........              (no amulet)
HPRegen 0.15/turn               n - +6 ring of dexterity
MPRegen 0.12/turn               r - ring of wizardry

@: lightly drained
A: icy blue scales 1, ignite blood 1
a: Renounce Religion


You were on level 7 of the Dungeon.
You worshipped Kikubaaqudgha.
Kikubaaqudgha was noncommittal.
You visited 2 branches of the dungeon, and saw 8 of its levels.

You collected 1586 gold pieces.

Inventory:

Hand Weapons
 a - a +3 sling of freezing
 b - a +0 vampiric short sword (weapon)
 o - a +2 dagger of venom
Missiles
 G - 2 throwing nets
 K - 5 atropa-tipped darts
Armour
 c - a +0 robe
 k - a +0 helmet (worn)
 u - a +2 scale mail of fire resistance (worn)
 z - a +0 ring mail
 A - a +0 leather armour
 B - a +2 cloak of willpower (worn)
 N - a +2 pair of boots (worn)
 O - a +0 buckler (worn)
Jewellery
 n - a +6 ring of dexterity (left hand)
 r - a ring of wizardry (right hand)
 I - a +6 ring of dexterity
 M - a ring of resist corrosion
Wands
 l - a wand of light (7)
 y - a wand of flame (21)
 H - a wand of iceblast (7)
Scrolls
 d - a scroll of silence
 e - 3 scrolls of teleportation
 h - 2 scrolls of blinking
 q - 2 scrolls of fear
 t - a scroll of poison
 w - 5 scrolls of fog
 x - a scroll of summoning
 D - a scroll of amnesia {unknown}
 F - a scroll of immolation
Potions
 f - 2 potions of curing {unknown}
 g - 2 potions of might {unknown}
 p - 3 potions of flight {unknown}
 s - a potion of berserk rage {unknown}
 v - 2 potions of resistance {unknown}
 C - 3 potions of degeneration {unknown}
 E - 2 potions of lignification {unknown}
 J - 2 potions of mutation {unknown}


   Skills:
 - Level 4.7 Dodging
 - Level 1.7 Stealth
 + Level 4.2 Shields
 - Level 2.0 Spellcasting
 - Level 8.0 Necromancy


You had 2 spell levels left.
You knew the following spells:

 Your Spells              Type           Power      Damage    Failure   Level
a - Necrotise             Necr           100%       1d9       3%          1
b - Vampiric Draining     Necr           32%        2d8       11%         3
c - Animate Dead          Necr           32%        N/A       32%         4

Your spell library contained the following spells:

 Spells                   Type           Power      Damage    Failure   Level
 Poisonous Vapours        Pois/Air       2%         N/A       77%         2
 Agony                    Necr           32%        N/A       65%         5
 Tukima's Dance           Hex            1%         N/A       92%         3
 Corpse Rot               Necr/Pois/Air  12%        N/A       95%         4
 Passage of Golubria      Tloc           1%         N/A       100%        4
 Yara's Violent Unravell  Hex/Tmut       0%         3d3       100%        5


Dungeon Overview and Level Annotations

Branches:
Dungeon (7/15)             Temple (1/1) D:5

Altars:
Ashenzari
Cheibriados
Dithmenos
Fedhas
Gozag
Hepliaklqana
Kikubaaqudgha
Makhleb
Nemelex Xobeh
Okawaru
Qazlal
Ru
Sif Muna
Trog
Uskayaw
Vehumet
Wu Jian
Xom
Yredelemnul

Annotations:
D:4 3 runed translucent doors, hawla's ghost, amateur MeFE


Innate Abilities, Weirdness & Mutations

You are partially covered in icy blue scales. (AC +2)
Your demonic aura sometimes causes spilled blood to erupt in flames.


Message History

The kobold brigand hits you but does no damage.
You are electrocuted!!
* * * LOW HITPOINT WARNING * * *
The kobold brigand hits you with a +1 whip of electrocution.
* * * LOW HITPOINT WARNING * * *
Press: ? - help, v - describe, . - travel A rock wall.
Unknown command.
Casting: Vampiric Draining (dangerous; 11% risk of failure)
Confirm with . or Enter, or press ? or * to list all spells.
Aiming: Vampiric Draining (dangerous; 11% risk of failure)
Press: ? - help, Shift-Dir - straight line, f - kobold brigand
Aim: a kobold brigand, wielding a +1 whip of electrocution and quivering poisoned darts You draw life force from the kobold brigand!
You feel life coursing into your body!
The centaur unwields a +0 shortbow.
The centaur hits you but does no damage.
The centaur barely misses you.
The kobold brigand hits you but does no damage.
Unknown command.
The centaur attacks as you move away! You block the centaur's attack.
The centaur kicks you but does no damage.
The centaur wields a +0 shortbow.
The centaur shoots an arrow.
The arrow closely misses you.
The centaur shoots an arrow.
The arrow barely misses you.
Casting: Vampiric Draining (dangerous; 11% risk of failure)
Confirm with . or Enter, or press ? or * to list all spells.
You don't have enough magic to cast this spell.
Unknown command.
Magic courses through your body. You block the kobold brigand's attack.
Casting: Vampiric Draining (dangerous; 11% risk of failure)
Confirm with . or Enter, or press ? or * to list all spells.
Aiming: Vampiric Draining (dangerous; 11% risk of failure)
Press: ? - help, Shift-Dir - straight line, f/p - kobold brigand
Aim: a kobold brigand, wielding a +1 whip of electrocution and quivering poisoned darts (heavily wounded)
You draw life force from the kobold brigand.
You feel life coursing into your body.
The kobold brigand hits you but does no damage.
You are electrocuted!!
You die...
Kikubaaqudgha rasps: "You have failed me!
Welcome... death!"

#....... #.......
#...c... #...#
################..#
#.....#..#.....#..##
#.....#.c#.....'...#
#.....+..)K....#...#
#....@#+##.....######
####'#Kc...####.....#
#...#.....# #.....#
#...#<....# #.....#
#..>#.....# #.....#
#...#.....# #.....#
.......^..# #.....#
#.♣...###### .######
#.♣... .


You could see a kobold brigand and a centaur.

Vanquished Creatures
  Eustachio (D:6)
  A necrophage (D:4)
  A scorpion (D:4)
  2 wights
  A howler monkey (D:5)
  Crazy Yiuf (D:3)
  5 hounds
  2 orc priests
  2 iguanas (D:6)
  3 orc wizards
  3 gnolls (D:3)
  8 adders
  A shadow imp (D:4)
  An ufetubus (D:5)
  2 worms
  2 dart slugs
  13 orcs
  3 endoplasms
  6 giant cockroaches
  3 goblins
  6 hobgoblins
  6 jackals
  7 kobolds
  4 quokkas
  4 ball pythons
  4 bats
  4 frilled lizards
  5 rats
101 creatures vanquished.

Notes
Turn   | Place    | Note
-------+----------+-------------------------------------------
     0 | D:1      | devnull the Demonspawn Necromancer began the quest for the
                  | Orb.
     0 | D:1      | Reached XP level 1. HP: 13/13 MP: 3/3
   371 | D:1      | Gained mutation: You are partially covered in icy blue
                  | scales. (AC +2) [demonic ancestry]
   371 | D:1      | Reached XP level 2. HP: 4/19 MP: 1/5
   663 | D:1      | Found a faded altar of an unknown god.
   739 | D:1      | Reached skill level 5 in Necromancy
  1439 | D:2      | Gained mutation: Your demonic aura sometimes causes spilled
                  | blood to erupt in flames. [demonic ancestry]
  1439 | D:2      | Reached XP level 3. HP: 24/24 MP: 6/6
  2218 | D:2      | Reached skill level 6 in Necromancy
  2437 | D:2      | Reached XP level 4. HP: 25/30 MP: 7/7
  2593 | D:2      | Learned a level 3 spell: Vampiric Draining
  2669 | D:3      | Found an opulent altar of Gozag.
  2670 | D:3      | Found a bloodstained altar of Trog.
  2671 | D:3      | Found a shadowy altar of Dithmenos.
  3018 | D:3      | Found a runed translucent door.
  3019 | D:3      | Noticed Crazy Yiuf
  3686 | D:3      | Reached skill level 7 in Necromancy
  3686 | D:3      | Reached XP level 5. HP: 35/35 MP: 8/8
  3917 | D:3      | Learned a level 4 spell: Animate Dead
  4750 | D:3      | Killed Crazy Yiuf
  5296 | D:4      | Found a radiant altar of Vehumet.
  5340 | D:4      | Reached skill level 8 in Necromancy
  5340 | D:4      | Reached XP level 6. HP: 39/41 MP: 9/9
  5511 | D:4      | Found a runed translucent gate.
  5512 | D:4      | Found a runed translucent gate.
  5518 | D:4      | Noticed hawla's ghost (amateur MeFE)
  5661 | D:4      | Identified the +4 cloak of Asurib {Rampage rC+ Slay+3}
  5716 | D:4      | Found a runed translucent gate.
  5907 | D:5      | Entered Level 5 of the Dungeon
  6008 | D:5      | Noticed a shadow
  6129 | D:5      | Found a staircase to the Ecumenical Temple.
  6136 | Temple   | Entered the Ecumenical Temple
  6433 | D:5      | Identified the +2 pair of boots of the Heron {Harm rElec
                  | MP+9 Int-2}
  6613 | D:5      | Found an ancient bone altar of Kikubaaqudgha.
  6614 | D:5      | Found a sacrificial altar of Ru.
  6615 | D:5      | Found a shimmering blue altar of Sif Muna.
  6787 | D:6      | Reached XP level 7. HP: 40/46 MP: 10/10
  6840 | D:6      | Noticed Eustachio
  7322 | D:5      | Reached skill level 1 in Shields
  9087 | D:6      | Killed Eustachio
  9310 | D:6      | Identified a scroll of acquirement
  9313 | D:6      | Acquired 1287 gold pieces
  9337 | D:6      | Found a burning altar of Makhleb.
  9373 | D:5      | Became a worshipper of Kikubaaqudgha
  9644 | D:7      | Slain by a kobold brigand

Illustrated notes

Levels and vault maps discovered:
D:1:      matt_arrival_grand_opening, layout_loops_cross,
          shapermc_ecumenical_altar_acropolis
D:2:      layout_basic, serial_glass, glass_columns_a, glass_columns_b,
          item_on_display_a, due_unseen_surprise, item_on_display_a,
          minmay_misc_feat_secret_circle
D:3:      layout_loops_ring, chequers_temple_overflow_statue_of_worship,
          uniq_crazy_yiuf_cottage
D:4:      layout_cave_pools, mainiacjoe_overflow_catwalk, gammafunk_ghost_split,
          minmay_quantized
D:5:      layout_cave_pods, minitemple, minmay_temple_entry_drinking_statues,
          hellmonk_bongcloud_opening, lightli_corner_chamber
D:6:      layout_cave_pools, mainiacjoe_overflow_alcove_4, uniq_eustachio
D:7:      layout_gridville, chequers_mini_garden
Temple:   zaba_magenta_temple

Skill      XL: |  1  2  3  4  5  6  7 |
---------------+----------------------+-----
Necromancy     | 5 6 7 8 |  8.0
Dodging        | 2 4 |  4.7
Shields        | 4 |  4.2
Stealth        | |  1.7
Spellcasting   | |  2.0

Action                   |  1- 3 |  4- 6 |  7- 9 || total
-------------------------+-------+-------+-------++-------
Melee: Dagger            |     2 |       |       ||     2
       Short sword       |    42 |   116 |    67 ||   225
       Punch             |       |     1 |     1 ||     2
 Fire: Sling             |    75 |   107 |    73 ||   255
Throw: Throwing net      |       |       |     1 ||     1
 Cast: Necrotise         |     3 |       |       ||     3
       Vampiric Draining |       |     3 |    14 ||    17
Evoke: Wand              |       |       |     1 ||     1
  Use: Scroll            |     2 |     2 |     6 ||    10
       Potion            |     1 |       |     4 ||     5
 Stab: Held in net/web   |       |       |     1 ||     1
Armor: Chain mail        |    92 |       |       ||    92
       Robe              |     3 |       |       ||     3
       Scale mail        |       |    86 |   126 ||   212
       Ring mail         |       |    31 |       ||    31
Dodge: Dodged            |    25 |    97 |    86 ||   208
Block: Buckler           |       |       |    45 ||    45
